 Dungeon Crawl Stone Soup version 0.29-a0-721-g7f417c9bbb (webtiles) character file.

Game seed: 17404699986875932837

2168 zeratav the Skirmisher (level 9, -4/40 HPs)
             Began as a Spriggan Arcane Marksman on June 27, 2022.
             Succumbed to a kobold brigand's curare-tipped dart
             ... on level 5 of the Dungeon.
             The game lasted 00:16:28 (8671 turns).

zeratav the Skirmisher (Spriggan Arcane Marksman)   Turns: 8671, Time: 00:16:28

Health: -4/40      AC:  4    Str:  6    XL:     9   Next: 10%
Magic:  12/12      EV: 17    Int: 15    God:
Gold:   45         SH:  0    Dex: 19    Spells: 9/10 levels left

rFire   . . .      SeeInvis +   w - +0 shortbow {bow}
rCold   . . .      Faith    .   (shield currently unavailable)
rNeg    . . .      Spirit   .   c - +0 robe
rPois   .          Reflect  .   (helmet restricted)
rElec   .          Harm     .   B - +1 cloak
rCorr   .          Rampage  .   (gloves unavailable)
Will    +....                   (boots unavailable)
Stlth   +++.......              (no amulet)
HPRegen 0.13/turn               (no ring)
MPRegen 0.13/turn               (no ring)

@: lethally poisoned (-4 -> -25), flying, slowed, quick
A: very small, no large weapons, unfitting armour, see invisible, speed 3
a: no special abilities


You were on level 5 of the Dungeon.
You visited 1 branch of the dungeon, and saw 6 of its levels.

You collected 292 gold pieces.
You spent 247 gold pieces at shops.


Innate Abilities, Weirdness & Mutations

You are very small and have problems with some larger weapons.
You are too small for most types of armour.
You have supernaturally acute eyesight. (SInv)
You cover ground extremely quickly. (Speed+++)


   Skills:
 - Level 0.7 Fighting
 + Level 13.8 Ranged Weapons
 - Level 2.6 Dodging
 - Level 5.0 Stealth
 - Level 1.3 Spellcasting
 - Level 3.6 Hexes


You had 9 spell levels left.
You knew the following spells:

 Your Spells              Type           Power      Damage    Failure   Level
a - Slow                  Hex            44%        N/A       5%          1

Your spell library contained the following spells:

 Spells                   Type           Power      Damage    Failure   Level
 Ensorcelled Hibernation  Hex/Ice        12%        N/A       17%         2
 Summon Small Mammal      Summ           4%         N/A       24%         1
 Passwall                 Tmut/Erth      0%         N/A       34%         2
 Inner Flame              Hex/Fire       6%         N/A       34%         3
 Portal Projectile        Hex/Tloc       12%        N/A       34%         3
 Summon Guardian Golem    Hex/Summ       6%         N/A       34%         3
 Cause Fear               Hex            5%         N/A       47%         4
 Call Canine Familiar     Summ           1%         N/A       56%         3
 Spider Form              Tmut/Pois      1%         N/A       56%         3
 Swiftness                Air            1%         N/A       56%         3
 Anguish                  Hex/Necr       3%         N/A       75%         4
 Petrify                  Tmut/Erth      1%         N/A       93%         4
 Metabolic Englaciation   Hex/Ice        3%         N/A       97%         5
 Statue Form              Tmut/Erth      0%         N/A       100%        6

Inventory:

Hand Weapons
 p - the +6 shillelagh "Devastator" {shatter}
   (You found it on level 3 of the Dungeon)

   It releases a powerful concussive burst when it strikes, dealing extra damage
   to the target and all other foes adjacent to them.
 w - a +0 shortbow (weapon) {bow}
   (You found it on level 4 of the Dungeon)
Armour
 c - a +0 robe (worn)
 d - a scarf of invisibility
   (You found it on level 1 of the Dungeon)
 i - a +2 robe of resistance
   (You took it off an orc wizard on level 5 of the Dungeon)
 B - a +1 cloak (worn)
   (You bought it in a shop on level 5 of the Dungeon)
Jewellery
 s - a ring of positive energy
   (You found it on level 4 of the Dungeon)
 A - a ring of resist corrosion
   (You found it on level 5 of the Dungeon)
Wands
 k - a wand of paralysis (6)
   (You found it on level 2 of the Dungeon)
 r - a wand of iceblast (13)
   (You found it on level 3 of the Dungeon)
 v - a wand of digging (5)
   (You took it off Ijyb on level 4 of the Dungeon)
Scrolls
 b - a scroll of vulnerability {!r!r}
 e - 6 scrolls of enchant armour {unknown}
 f - 2 scrolls of noise {unknown}
 h - 4 scrolls of identify {unknown}
 j - 3 scrolls of brand weapon {unknown}
 n - 5 scrolls of teleportation {unknown}
 t - a scroll of amnesia {unknown}
 y - a scroll of silence {unknown}
Potions
 a - a potion of mutation {unknown}
 g - a potion of heal wounds {unknown}
 l - 3 potions of curing {unknown}
 m - a potion of haste {@q3}
 o - 2 potions of magic {unknown}
 q - a potion of cancellation {unknown}
 u - 2 potions of flight
 x - a potion of lignification {unknown}
 z - 2 potions of might {unknown}

Dungeon Overview and Level Annotations

Branches:
Dungeon (6/15) Zot: 26624
 Temple: D:4-7

Altars:
Cheibriados
Uskayaw

Shops:
D:5 [*(=(

Annotations:
D:4 Grinder

.....∩...######### ###### #####
.#..(.##.........# #....###....
.###..##.........# #........###
.###.............# #........#..
...).....K.......#####........#.#
..>......K...........+...........
#...#.####.........###........#.#
##'##....#....................#..
.#.....#.'......@...............>
.'....####.............##...#.##.
.######.##..............+...+....
.# ##.#.#########.######...#.#..
## ##.#.#.## #..............#.#..
# ##.#.#.#.###.......######+#.###
###.#.###.#.##.......# #.......
##.#.##.##.#.#####'#.#####...####
#.#.##.#.##.#.## #.#.......<..# #


You could see a kobold brigand and a kobold.


Message History

You feel sick.
HP[-1]
You take 1 damage, and now have 2/40 hp.
* * * LOW HITPOINT WARNING * * *
You feel sick.
You are no longer poisoned.
HP[-1]
You take 1 damage, and now have 1/40 hp.
The kobold brigand throws a curare-tipped dart.
The curare-tipped dart completely misses you.
There is an open door here.
You close the door.
HP[+1]
You feel yourself speed up.
There is an open door here.
HP[+1]
There is an escape hatch in the ceiling here.
There is a large open door here.
There is an escape hatch in the ceiling here.
Okay, then.
A mysterious force pulls you upwards. The hatch slams shut behind you.
Level annotation: Grinder You start resting.
HP[+37]
Your hp is fully restored (40).
(D) Dungeon
Where to? (Enter - D:6, ? - help)
There is an open door here.
There is a stone staircase leading down here.
You climb downwards.
There is a stone staircase leading up here.
Done exploring.
The kobold throws a stone.
The stone hits you but does no damage.
You shoot an arrow. The arrow barely misses the kobold.
You hear a shout!
You shoot an arrow. The arrow hits the kobold brigand.
You shoot an arrow.
The arrow barely misses the kobold brigand.
You shoot an arrow. The arrow hits the kobold brigand!
The kobold brigand hits you with a +0 club!
HP[-7]
You take 7 damage, and now have 33/40 hp.
You shoot an arrow.
The arrow barely misses the kobold brigand.
The kobold brigand completely misses you.
You shoot an arrow.
The arrow completely misses the kobold brigand.
The arrow hits the kobold but does no damage.
You shoot an arrow.
The arrow barely misses the kobold brigand.
The kobold brigand closely misses you. The kobold completely misses you.
HP[+1]
Casting: Slow (safe; 5% risk of failure)
Confirm with . or Enter, or press ? or * to list all spells.
Aiming: Slow (safe; 5% risk of failure)
Press: ? - help, Shift-Dir - straight line, f/p - kobold brigand
Aim: a kobold brigand, wielding a +0 club and quivering curare-tipped darts (moderately wounded, chance to affect: 50%)
The kobold brigand resists with some effort.
The kobold brigand throws a curare-tipped dart.
The curare-tipped dart hits you.
You are poisoned.
You have difficulty breathing.
You feel yourself slow down.
HP[-10] MP[-1]
You take 10 damage, and now have 24/40 hp.
MASSIVE DAMAGE!! (PAUSE)
You lost 1 mp, and now have 11/12 mp.
* * * LOW HITPOINT WARNING * * *
You feel very sick.
HP[-5]
You take 5 damage, and now have 19/40 hp.
* * * LOW HITPOINT WARNING * * *
You feel very sick.
The kobold brigand throws a curare-tipped dart.
The curare-tipped dart misses you.
HP[-3]
You take 3 damage, and now have 16/40 hp.
You feel sick.
HP[-2]
You take 2 damage, and now have 14/40 hp.
* * * LOW HITPOINT WARNING * * *
You feel very sick.
HP[-3]
You take 3 damage, and now have 11/40 hp.
You feel sick.
The kobold throws a stone.
The stone barely misses you.
HP[-1]
You take 1 damage, and now have 10/40 hp.
You feel sick.
The kobold brigand throws a curare-tipped dart.
The curare-tipped dart hits you.
You are lethally poisoned!
You have difficulty breathing.
* * * LOW HITPOINT WARNING * * *
You feel as though you will be slow longer.
HP[-8]
You take 8 damage, and now have 2/40 hp.
It was a potion of flight.
You feel very buoyant.
You fly up into the air.
You die...

Skill      XL: |  1  2  3  4  5  6  7  8 |
---------------+-------------------------+-----
Ranged Weapons | 3 4 5 6 9 10 13 | 13.8
Stealth        | 5 |  5.0
Fighting       | |  0.7
Dodging        | |  2.6
Spellcasting   | |  1.3
Hexes          | |  3.6

Action                   |  1- 3 |  4- 6 |  7- 9 || total
-------------------------+-------+-------+-------++-------
Melee: Shillelagh        |       |     5 |     6 ||    11
 Fire: Sling             |   138 |   131 |   137 ||   406
       Shortbow          |       |       |   276 ||   276
 Cast: Slow              |     1 |     8 |     6 ||    15
  Use: Potion            |       |       |     1 ||     1
 Stab: Sleeping          |       |     1 |       ||     1
Armor: Robe              |     9 |    10 |    11 ||    30
Dodge: Dodged            |    52 |    72 |    99 ||   223

Levels and vault maps discovered:
D:1:      psy_arrival_wood_between_worlds, layout_loops_ring, st_stairs_11
D:2:      layout_basic, basic_altar, shapermc_ecumenical_altar_ellora,
          dreamdust_princess_bridge, kennysheep_minor_cross,
          serial_bayou_crossing
D:3:      layout_rooms, uniq_robin
D:4:      corexii_shantytown, layout_basic, mainiacjoe_overflow_six_doors_small,
          serial_bayou_pond_d, uniq_pikel, uniq_ijyb, uniq_grinder
D:5:      minmay_inner_zag, layout_basic, serial_shops, nicolae_square_shop,
          nicolae_shop_trees, shop, nicolae_shop_stone, nicolae_square_shop,
          minmay_stone_trees_small
D:6:      layout_basic, minmay_temple_entry_grid

Notes
Turn   | Place    | Note
-------+----------+-------------------------------------------
     0 | D:1      | zeratav the Spriggan Arcane Marksman began the quest for
                  | the Orb.
     0 | D:1      | Reached XP level 1. HP: 9/9 MP: 3/3
     0 | D:1      | magus.rc [v1.9.6]
   130 | D:1      | You pick up a book of Dreams and begin reading...
   130 | D:1      | You add the spells Ensorcelled Hibernation, Spider Form and
                  | Anguish to your library.
   277 | D:1      | Reached skill level 3 in Ranged Weapons
   390 | D:1      | Reached XP level 2. HP: 13/14 MP: 5/5
   522 | D:1      | You pick up a book of Callings and begin reading...
   522 | D:1      | You add the spells Summon Small Mammal, Call Canine
                  | Familiar and Summon Guardian Golem to your library.
   785 | D:2      | Reached skill level 4 in Ranged Weapons
   887 | D:2      | Found a faded altar of an unknown god.
  1060 | D:2      | Reached XP level 3. HP: 17/17 MP: 6/6
  1328 | D:2      | Found a snail-covered altar of Cheibriados.
  1578 | D:2      | HP: 4/17 [adder (2)]
  1580 | D:2      | HP: 1/17 [adder (3)]
  1582 | D:2      | Reached skill level 5 in Ranged Weapons
  2475 | D:3      | Reached XP level 4. HP: 21/21 MP: 7/7
  2476 | D:3      | Noticed Robin
  3092 | D:2      | Killed Robin
  3251 | D:3      | Found the +6 shillelagh "Devastator" {shatter}
  3294 | D:3      | magus.rc [v1.9.6]
  3508 | D:3      | Reached skill level 6 in Ranged Weapons
  3752 | D:3      | You pick up a book of Burglary and begin reading...
  3752 | D:3      | You add the spells Passwall and Swiftness to your library.
  3771 | D:3      | Reached XP level 5. HP: 25/25 MP: 8/8
  3951 | D:4      | Noticed Pikel
  3951 | D:4      | Noticed a lemure
  3951 | D:4      | Noticed a lemure
  3961 | D:4      | Noticed a lemure
  3976 | D:4      | Noticed a lemure
  4249 | D:3      | HP: 6/25 [Pikel/+1 whip of freezing (2)]
  4371 | D:2      | Killed Pikel
  4372 | D:2      | Reached skill level 9 in Ranged Weapons
  4372 | D:2      | Reached XP level 6. HP: 15/29 MP: 9/9
  4372 | D:2      | Reached XP level 7. HP: 17/32 MP: 10/10
  4791 | D:3      | Reached skill level 10 in Ranged Weapons
  4791 | D:3      | Reached skill level 1 in Stealth
  4822 | D:4      | Reached skill level 3 in Stealth
  4976 | D:4      | Reached skill level 4 in Stealth
  4994 | D:4      | Reached skill level 5 in Stealth
  5089 | D:4      | Noticed Ijyb
  5109 | D:4      | Killed Ijyb
  5800 | D:4      | Found a hide-covered altar of Uskayaw.
  5864 | D:4      | Noticed Grinder
  6359 | D:4      | Identified the +6 whip of Toumoa Peull {drain, rElec Str+2}
  6497 | D:5      | Entered Level 5 of the Dungeon
  6513 | D:5      | Reached XP level 8. HP: 37/37 MP: 11/11
  6523 | D:5      | Reached skill level 11 in Ranged Weapons
  6725 | D:5      | Reached skill level 12 in Ranged Weapons
  7274 | D:5      | You pick up a book of Sloth and begin reading...
  7274 | D:5      | You add the spells Petrify, Metabolic Englaciation and
                  | Statue Form to your library.
  7291 | D:5      | Found Zuvvagh's Antique Armour Shop.
  7294 | D:5      | Bought a runed cloak for 247 gold pieces
  7423 | D:5      | Reached skill level 13 in Ranged Weapons
  7532 | D:5      | Found Baigim's General Store.
  7586 | D:5      | Found Cefraiz's Jewellery Boutique.
  7611 | D:5      | Found Oheciaw's Antique Weapon Emporium.
  7628 | D:5      | Reached XP level 9. HP: 40/40 MP: 12/12
  7858 | D:5      | Found Jukeudomn's Antique Weapon Shoppe.
  8289 | D:5      | HP: 8/40 [poisoned by a kobold brigand (curare-tipped
                  | dart)]
  8294 | D:5      | HP: 4/40 [poisoned by a kobold brigand (curare-tipped
                  | dart)]
  8297 | D:5      | HP: 1/40 [poisoned by a kobold brigand (curare-tipped
                  | dart)]
  8669 | D:5      | HP: 10/40 [poisoned by a kobold brigand (curare-tipped
                  | dart)]
  8670 | D:5      | HP: 2/40 [asphyx]
  8671 | D:5      | Succumbed to a kobold brigand's curare-tipped dart

Vanquished Creatures
  Pikel (D:2)
  A wyvern (D:5)
  A water moccasin (D:5)
  An ice beast (D:3)
  4 black bears (D:5)
  An ogre (D:4)
  2 phantoms (D:5)
  A necrophage (D:5)
  A scorpion (D:4)
  An orc priest (D:5)
  3 hounds (D:5)
  A gnoll shaman (D:5)
  Ijyb (D:4)
  2 iguanas (D:5)
  4 orc wizards
  Robin (D:2)
  11 gnolls
  7 adders
  A white imp (D:5)
  2 dart slugs
  21 orcs
  2 ball pythons (D:4)
  6 bats
  6 endoplasms
  5 giant cockroaches
  28 goblins
  13 hobgoblins
  5 jackals
  2 quokkas
  5 frilled lizards
  30 kobolds
  3 rats
173 creatures vanquished.

Table legend:
 A = Non-vault XP
 B = Vault XP
 C = Vault XP percentage of total XP
 D = Non-vault monster count
 E = Vault monster count
 F = Vault count percentage of total count
                 A         B        C        D         E       F
            +---------+---------+-------+---------+---------+-------
      Total |    2189 |     909 |  29.3 |     112 |      61 |  35.3
            +---------+---------+-------+---------+---------+-------
        D:1 |      22 |       5 |  18.5 |      11 |       3 |  21.4
        D:2 |      66 |     637 |  90.6 |      26 |       5 |  16.1
        D:3 |     240 |      17 |   6.6 |      19 |       9 |  32.1
        D:4 |     277 |     145 |  34.4 |      20 |      39 |  66.1
        D:5 |    1576 |     105 |   6.2 |      32 |       5 |  13.5
        D:6 |       8 |       0 |   0.0 |       4 |       0 |   0.0
            +---------+---------+-------+---------+---------+-------

Illustrated notes

Table legend:
 A = Kills in this place as a percentage of kills in entire the game.
 B = Kills by you in this place as a percentage of kills by you in the entire game.
 C = Kills by friends in this place as a percentage of kills by friends in the entire game.
 D = Other kills in this place as a percentage of other kills in the entire game.
 E = Experience gained in this place as a percentage of experience gained in the entire game.
 F = Experience gained in this place divided by the number of levels of this place that you have seen.
                   A       B       C       D       E      F
               +-------+-------+-------+-------+-------+----------------------
         Total | 100.0 | 100.0 |   N/A |   N/A | 100.0 | 516.3
       Dungeon | 100.0 | 100.0 |   N/A |   N/A | 100.0 | 516.3
               +-------+-------+-------+-------+-------+----------------------

Table legend: (Time is in decaauts)
 A = Elapsed time spent in this place.
 B = Non-inter-level travel time spent in this place.
 C = Inter-level travel time spent in this place.
 D = Time resting spent in this place.
 E = Time spent auto-exploring this place.
 F = Levels seen in this place.
 G = Mean time per level.
                   A        B        C        D        E       F      G
               +--------+--------+--------+--------+--------+-----+--------+
         Total |   6912 |   6728 |    184 |   1949 |   3477 |   6 | 1152.0 |
       Dungeon |   6912 |   6728 |    184 |   1949 |   3477 |   6 | 1152.0 |
               +--------+--------+--------+--------+--------+-----+--------+

Top non-repeatable levels by time:
     D:2: 2198 daAuts
     D:4: 1723 daAuts
     D:5: 1383 daAuts
     D:3: 1031 daAuts
     D:1: 558 daAuts
     D:6: 17 daAuts
